 Dungeon Crawl Stone Soup version 0.31.0-32-g396128a36d (webtiles) character file.

Game seed: 13897443944706390617

1566 Gabide the Cruncher (level 8, -5/52 (63) HPs)
             Began as a Demigod Gladiator on Apr 3, 2024.
             Killed by divine providence
             ... invoked by Jeremiah
              (11 damage)
             ... on level 6 of the Dungeon.
             The game lasted 00:16:07 (5755 turns).

Gabide the Cruncher (Demigod Gladiator)             Turns: 5755, Time: 00:16:08

HP:   -5/52 (63)    AC:  9    Str: 19    XL:     8   Next: 33%
MP:   10/10         EV: 13    Int: 10    God:
Gold: 301           SH:  0    Dex: 23    Spells: 7/7 levels left

rFire   . . .        a - +1 quarterstaff
rCold   . . .        (shield currently unavailable)
rNeg    . . .        l - +2 leather armour "Hijokhlu" {Will+ Dex+4}
rPois   .            c - +0 helmet
rElec   .            j - +1 cloak
rCorr   .            (no gloves)
SInv    .            m - +0 pair of boots
Will    +....        (no amulet)
Stlth   ++           (no ring)
HPRegen 0.28/turn    (no ring)
MPRegen 0.12/turn

%: no passive effects
@: heavily drained
A: high MP 1, forlorn, divine attributes
a: no special abilities


You were on level 6 of the Dungeon.
You visited 2 branches of the dungeon, and saw 7 of its levels.

You collected 301 gold pieces.

Inventory:

Hand Weapons
 a - a +1 quarterstaff (weapon)
Armour
 c - a +0 helmet (worn)
 j - a +1 cloak (worn)
 l - the +2 leather armour "Hijokhlu" (worn) {Will+ Dex+4}
   (You found it on level 5 of the Dungeon)

   Dex+4:     It affects your dexterity (+4).
   Will+:     It increases your willpower.
 m - a +0 pair of boots (worn)
Wands
 e - a wand of flame (14) (quivered)
Scrolls
 f - 2 scrolls of teleportation
Potions
 b - a potion of heal wounds {unknown}
 i - 2 potions of enlightenment
 k - a potion of brilliance {unknown}
 n - a potion of attraction
 o - a potion of might {unknown}


   Skills:
 - Level 3.0 Fighting
 * Level 9.1 Staves
 - Level 3.0 Throwing
 - Level 3.0 Armour
 - Level 3.0 Dodging


You had 7 spell levels left.
You didn't know any spells.
Your spell library contained the following spells:

 Spells                   Type           Power      Damage    Failure   Level
 Foxfire                  Conj/Fire      0%         2x1d4     41%         1
 Summon Small Mammal      Summ           0%         N/A       41%         1
 Call Canine Familiar     Summ           0%         N/A       80%         3
 Sigil of Binding         Hex            0%         N/A       80%         3
 Dimensional Bullseye     Hex/Tloc       0%         N/A       99%         4
 Summon Lightning Spire   Summ/Air       0%         N/A       99%         4
 Haunt                    Necr/Summ      0%         N/A       100%        7
 Spellforged Servitor     Conj/Summ      0%         N/A       100%        7


Dungeon Overview and Level Annotations

Branches:
Dungeon (6/15)             Temple (1/1) D:4

Shops:
D:3 (*(=

Annotations:
D:4 3 runed translucent doors, nitefall's ghost, amateur MiBe
D:6 Jeremiah


Innate Abilities, Weirdness & Mutations

You have an increased reservoir of magic. (+10% MP)
You shall have no god before yourself.
Your divine heritage dramatically boosts your attributes as you level up.


Message History

Something smites you!
You miss the butterfly.
The butterfly disappears in a burst of colours!
Jeremiah trails rainbows from their fingertips.
Press: ? - help, v - describe, . - travel The floor, spattered with blood.
The butterfly disappears in a burst of colours!
You start resting.
The butterfly disappears in a burst of colours!
You start resting.
Jeremiah is nearby!
The butterfly disappears in a burst of colours!
Jeremiah hits you with a +4 trident of draining!
You feel drained.
Okay, then.
You thump Jeremiah!
Jeremiah is almost dead.
You hit Jeremiah but do no damage.
Jeremiah is almost dead.
The butterfly disappears in a burst of colours!
Jeremiah misses you.
You hit Jeremiah but do no damage.
Jeremiah is almost dead.
Jeremiah hits you with a +4 trident of draining!
You feel drained.
You closely miss Jeremiah.
Jeremiah is almost dead.
Jeremiah hits you with a +4 trident of draining!
* * * LOW HITPOINT WARNING * * *
You feel drained.
* * * LOW HITPOINT WARNING * * *
Aiming: Throw Flame
Press: ? - help, Q - select action Shift-Dir - straight line, f/p - Jeremiah
Aim: Jeremiah, wielding a +4 trident of draining, wearing a +0 robe and wearing an orb of guile (almost dead, 60% to hit)
The puff of flame hits Jeremiah.
Jeremiah is almost dead.
Jeremiah throws their arms up pleadingly.
Something smites you!
You die...
Jeremiah asks, "What happened?
Did... did you die?"

##### #...##
######b...#
##.##..F...###
#..b##b.b.#..##
#b@##.b.b(....#
##Fb.#.......##
#bb....b....##
##.#...........
#b.###........#
..... #..##.#..#
..........$....!?.
###................
##.............


You could see Jeremiah.

Vanquished Creatures
  Prince Ribbit (D:5)
  Eustachio (D:5)
  Edmund (D:5)
  A black bear (D:5)
  4 ogres
  A phantom (D:5)
  2 jellies (D:5)
  A bombardier beetle (D:3)
  2 gnoll boudas
  2 orc priests (D:5)
  Ijyb (D:5)
  An iguana (D:4)
  2 orc wizards (D:5)
  8 gnolls
  9 adders
  A white imp (D:5)
  2 dart slugs
  3 ribbon worms
  13 orcs
  8 endoplasms
  7 giant cockroaches
  11 hobgoblins
  A quokka (D:2)
  7 ball pythons
  5 bats
  4 frilled lizards
  14 goblins
  7 kobolds
  13 rats
133 creatures vanquished.

Notes
Turn   | Place    | Note
-------+----------+-------------------------------------------
     0 | D:1      | Gabide the Demigod Gladiator began the quest for the Orb.
     0 | D:1      | Reached XP level 1. HP: 17/17 MP: 3/3
   116 | D:1      | Reached XP level 2. HP: 24/24 MP: 4/4
   177 | D:1      | Reached skill level 3 in Staves
   319 | D:1      | Reached XP level 3. HP: 26/29 MP: 5/5
   458 | D:1      | You fall into a shaft and drop 1 floor!
   547 | D:2      | Reached skill level 1 in Armour
   881 | D:2      | Got the Incunabulum of the Supportive Burn
   920 | D:2      | Reached XP level 4. HP: 36/36 MP: 6/6
  1690 | D:3      | Reached XP level 5. HP: 23/41 MP: 7/7
  1762 | D:3      | Found Kias's Jewellery Shop.
  1804 | D:3      | Found Gourolobbeh's Weapon Shop.
  1860 | D:3      | Found Foonar's Antique Weapon Boutique.
  1875 | D:3      | Found Tistim's Assorted Antiques.
  2574 | D:4      | Reached skill level 4 in Staves
  2933 | D:4      | Noticed an ogre
  2945 | D:4      | Killed an ogre
  2946 | D:4      | Reached XP level 6. HP: 48/51 MP: 8/8
  3239 | D:4      | Found a staircase to the Ecumenical Temple.
  3244 | Temple   | Entered the Ecumenical Temple
  3342 | D:4      | Reached skill level 5 in Staves
  3650 | D:4      | Found a runed translucent gate.
  3651 | D:4      | Found a runed translucent gate.
  3651 | D:4      | Noticed nitefall's ghost (amateur MiBe)
  3651 | D:4      | Identified the +8 chain mail of Tedu {Harm Regen+}
  3652 | D:4      | Found a runed translucent gate.
  3865 | D:5      | Entered Level 5 of the Dungeon
  3891 | D:5      | Reached XP level 7. HP: 54/57 MP: 9/9
  4008 | D:5      | Identified the +2 leather armour "Hijokhlu" {Will+ Dex+4}
  4051 | D:5      | Noticed Ijyb
  4052 | D:5      | Noticed Edmund
  4067 | D:5      | Killed Ijyb
  4068 | D:5      | Reached skill level 6 in Staves
  4261 | D:5      | Killed Edmund
  4471 | D:5      | Noticed Eustachio
  4480 | D:5      | Killed Eustachio
  4481 | D:5      | Reached skill level 7 in Staves
  5057 | D:5      | Reached skill level 8 in Staves
  5057 | D:5      | Reached XP level 8. HP: 61/63 MP: 10/10
  5072 | D:5      | Noticed Prince Ribbit
  5084 | D:5      | Killed Prince Ribbit
  5464 | D:5      | Reached skill level 9 in Staves
  5708 | D:6      | Noticed Jeremiah
  5755 | D:6      | Killed from afar by Jeremiah

Illustrated notes

Levels and vault maps discovered:
D:1:      giann_bridges, layout_basic
D:2:      layout_basic, basic_altar, minmay_pentomino_z2
D:3:      layout_basic, serial_shops, nicolae_shop_waterfront, shop,
          nicolae_shop_advertising_works [nicolae_subvault_shop_adworks], shop,
          minmay_starry_boxes
D:4:      layout_basic, evilmike_ruin_ashenzari,
          minmay_temple_entry_gardened_gates, biasface_ghost_orc_armoury,
          nicolae_the_louvre, uniq_crazy_yiuf_cottage
D:5:      layout_basic, mainiacjoe_overflow_24_doors, st_stairs_6,
          uniq_prince_ribbit1, uniq_ijyb, uniq_eustachio, uniq_edmund
D:6:      layout_cave_pools, kennysheep_little_box, uniq_jeremiah
Temple:   sentei_temple_godly_chess

Skill      XL: |  1  2  3  4  5  6  7  8 |
---------------+-------------------------+-----
Throwing       | 2 3 |  3.0
Staves         | 3 4 5 8 9 |  9.1
Fighting       | 2 3 |  3.0
Armour         | 1 2 3 |  3.0
Dodging        | 3 |  3.0

Action                     |  1- 3 |  4- 6 |  7- 9 || total
---------------------------+-------+-------+-------++-------
  Melee: Quarterstaff      |   141 |   198 |   112 ||   451
  Throw: Throwing net      |       |     4 |     2 ||     6
         Javelin           |       |     2 |     4 ||     6
         Boomerang         |       |    15 |    20 ||    35
  Evoke: Wand              |       |       |    13 ||    13
    Use: Scroll            |       |    12 |     1 ||    13
         Potion            |       |     1 |       ||     1
   Stab: Held in net/web   |       |     5 |     2 ||     7
         Sleeping          |       |     1 |       ||     1
 Armour: Leather armour    |    20 |    52 |    72 ||   144
         Ring mail         |    61 |    50 |       ||   111
  Dodge: Dodged            |    95 |    99 |    60 ||   254
